AoeStats
← NDF

Arabia

505361729Analyzed
1v1 RM · 23d ago on Sep 9, 2026· 49m 50s· 2 players
Game mode
Random Map
Map size
Tiny (2 player)
Population
200
Speed
Normal
Resources
Standard
Victory
Conquest
Starting age
Dark Age
Ending age
Imperial Age
RankedLock teamsTeams togetherTeam positionsShared explorationLock speedFull tech treeHidden civsTurbo modeCheats
Victory
Defeat
🇦🇷 Teutons · Argentina
491
+12
🇩🇪 Britons · Germany
396
-12
NDF
3:00 Loom
13:11 Feudal Age
14:38 Man-at-Arms
22:12 Castle Age
20:53 Double-Bit Axe
21:06 Horse Collar
22:26 Elite Skirmisher
26:37 Padded Archer Armor
26:28 Fletching
26:49 Forging
28:48 Bloodlines
34:25 Stone Mining
34:26 Gold Mining
40:28 Bodkin Arrow
40:43 Scale Barding Armor
41:42 Wheelbarrow
40:53 Town Watch
45:00 Imperial Age
42:51 Leather Archer Armor
47:15 Capped Ram
47:38 Elite Teutonic Knight
dgt;.
10:06 Feudal Age
9:57 Loom
13:10 Wheelbarrow
12:56 Double-Bit Axe
17:13 Horse Collar
19:39 Fletching
20:47 Padded Archer Armor
21:21 Arson
25:22 Castle Age
25:50 Scale Barding Armor
25:45 Scale Mail Armor
25:38 Crossbowman
27:18 Pikeman
27:59 Squires
27:58 Bodkin Arrow
28:19 Leather Archer Armor
28:46 Husbandry
31:17 Gold Mining
31:18 Stone Mining
43:59 Imperial Age
41:48 Hand Cart
42:46 Bow Saw
42:40 Heavy Plow
44:06 Capped Ram
45:46 Ring Archer Armor
45:16 Bracer
45:34 Chain Mail Armor
48:30 Cavalier
Connection lost

Rejoining the realm…

Still unreachable

The connection could not be restored.

Session expired

The server has moved on; the page needs a fresh start.